 Dungeon Crawl Stone Soup version 0.21-a0-401-g0b6bec4 (webtiles) character file.

1536 Mitsuki the Magician (level 8, 13/62 HPs)
             Began as a Demonspawn Wizard on Oct 22, 2017.
             Was an Initiate of Vehumet.
             Quit the game on level 7 of the Dungeon.
             The game lasted 00:26:27 (9972 turns).

Mitsuki the Magician (Demonspawn Wizard)            Turns: 9972, Time: 00:26:28

Health: 13/62      AC:  5    Str:  7    XL:     8   Next: 56%
Magic:  0/26       EV: 12    Int: 22    God:    Vehumet [......]
Gold:   339        SH:  5    Dex: 12    Spells: 10/19 levels left

rFire    . . .     SeeInvis .   A - +0 quarterstaff
rCold    + . .     Gourm    .   (shield currently unavailable)
rNeg     . . .     Faith    .   a - +0 robe
rPois    .         Spirit   +   b - +0 hat
rElec    .         Reflect  +   k - +1 cloak
rCorr    +         Harm     .   E - +0 pair of gloves
MR       .....                  (no boots)
Stlth    ++........             s - +5 amulet of reflection
HPRegen  0.20/turn              J - ring of magical power
MPRegen  0.20/turn              G - ring of resist corrosion (curse)

@: lethally poisoned (13 -> -4)
A: antennae 2, talons 2, cold resistance 1, robust 2, magic shield
a: Renounce Religion


You were on level 7 of the Dungeon.
You worshipped Vehumet.
Vehumet was noncommittal.
You were hungry.

You visited 1 branch of the dungeon, and saw 7 of its levels.

You collected 447 gold pieces.
You spent 108 gold pieces at shops.

Inventory:

Hand Weapons
 A - a +0 quarterstaff (weapon)
Armour
 a - a +0 robe (worn)
 b - a +0 hat (worn)
 k - a +1 cloak (worn)
 E - a +0 pair of gloves (worn)
Jewellery
 r - a +5 ring of slaying
 s - a +5 amulet of reflection (around neck)
 y - a +3 ring of evasion
 z - an uncursed ring of positive energy
 G - a cursed ring of resist corrosion (right hand)
 J - a ring of magical power (left hand)
Scrolls
 e - a scroll of recharging {unknown}
 f - 6 scrolls of remove curse {unknown}
 g - 3 scrolls of fog {unknown}
 i - 3 scrolls of enchant armour {unknown}
 j - 4 scrolls of identify {unknown}
 l - a scroll of blinking {unknown}
 n - 3 scrolls of fear {unknown}
 q - 2 scrolls of magic mapping {unknown}
 w - a scroll of random uselessness {unknown}
 x - a scroll of immolation {unknown}
 H - a scroll of summoning {unknown}
Potions
 h - a potion of lignification
 m - 2 potions of resistance
 o - a potion of heal wounds
 p - 2 potions of curing
 v - a potion of cancellation {unknown}
 F - a potion of ambrosia {unknown}
 I - a potion of degeneration
Books
 c - a book of Minor Magic

   Spells                             Type                      Level
   a - Magic Dart                     Conjuration                  1
   b - Blink                          Translocation                2
   c - Call Imp                       Summoning                    2
   d - Slow                           Hexes                        2
   e - Conjure Flame                  Conjuration/Fire             3
   f - Mephitic Cloud                 Conjuration/Poison/Air       3
 t - a book of Geomancy

   Spells                             Type                      Level
   a - Sandblast                      Earth                        1
   b - Passwall                       Transmutation/Earth          2
   c - Stone Arrow                    Conjuration/Earth            3
   d - Petrify                        Transmutation/Earth          4
   e - Lee's Rapid Deconstruction     Earth                        5
 C - a book of Cantrips

   Spells                             Type                      Level
   a - Confusing Touch                Hexes                        1
   b - Animate Skeleton               Necromancy                   1
   c - Summon Small Mammal            Summoning                    1
   d - Apportation                    Translocation                1
Comestibles
 d - 5 bread rations
 u - 2 meat rations
 B - 7 fruits


   Skills:
 - Level 1.7 Dodging
 - Level 1.7 Stealth
 + Level 6.1 Spellcasting
 + Level 5.7 Conjurations
   Level 1.0 Summonings
 - Level 4.0 Translocations
 + Level 4.6 Fire Magic


You had 10 spell levels left.
You knew the following spells:

 Your Spells              Type           Power        Failure   Level  Hunger
a - Magic Dart            Conj           ####         1%          1    None
b - Conjure Flame         Conj/Fire      ####....     3%          3    #......
c - Mephitic Cloud        Conj/Pois/Air  ###.....     12%         3    #......
d - Blink                 Tloc           N/A          2%          2    None


Dungeon Overview and Level Annotations

Branches:
Dungeon (7/15)             Temple (0/1) D:6

Altars:
Dithmenos
Elyvilon
Gozag
Nemelex Xobeh
Ru
Trog
Uskayaw
Vehumet
Wu Jian
Xom

Shops:
D:6 !

Annotations:
D:2 exclusion: moth of wrath
D:3 Edmund


Innate Abilities, Weirdness & Mutations

You have razor-sharp toenails.
Your flesh is cold resistant. (rC+)
When hurt, damage is shared between your health and your magic reserves.
You have a pair of antennae on your head.
You are very robust. (+20% HP)


Message History

You are more poisoned.
The killer bee poisons you!
You take 7 damage, and have 19/62 hp.
You feel sick. The killer bee misses you.
You take 1 damage, and have 18/62 hp.
You feel sick.
The killer bee stings you but does no damage.
You take 2 damage, and have 16/62 hp.
You feel sick. The killer bee stings you.
* * * LOW MAGIC WARNING * * *;
* * * LOW HITPOINT WARNING * * *
You are lethally poisoned!
The killer bee poisons you!
You take 2 damage, and have 14/62 hp.
You now have 2/26 mp.
Casting: Mephitic Cloud
Confirm with . or Enter, or press ? or * to list all spells.
You blink.
* * * LOW MAGIC WARNING * * *;
* * * LOW HITPOINT WARNING * * *
You feel sick.
You take 1 damage, and have 13/62 hp.
You now have 0/26 mp.
Are you sure you want to abandon this character and quit the game? (Confirm with "yes".)

.##....##... ##..#
<##......... '..# ..
.##......... #..# ..
.###'######## #ยง.# ..
.##....###..###..##...
.#..........#...F.......
.#........>.#...y.......
##......##.o'o..F##....#
#......##..##.o@##....#
#..........##...##....#
#......)....#.........#
#...........#.........#
#..((.......#........<#
#########..###..##.##.#
#..# #..# .##.#
.....'....{$...{.y...
.....#........y...y(.


You could see 2 bullfrogs, a killer bee, an orc wizard and 2 orcs.

Vanquished Creatures
  A water moccasin (D:7)
  An ice beast (D:5)
  A necrophage (D:6)
  An ogre (D:5)
  2 bullfrogs (D:6)
  2 scorpions (D:5)
  5 killer bees (D:7)
  3 howler monkeys
  3 hounds
  2 orc priests
  4 orc wizards
  An iguana (D:4)
  A centaur skeleton (D:4)
  4 worker ants
  4 gnolls (D:4)
  4 adders
  A shadow imp (D:5)
  2 oozes (D:1)
  2 adder skeletons
  A worm (D:4)
  5 dart slugs
  3 leopard geckos
  18 orcs
  11 bats
  4 giant cockroaches
  9 goblins
  5 hobgoblins
  6 jackals
  5 kobolds
  4 quokkas
  A ball python (D:1)
  5 frilled lizards
  A leopard gecko skeleton (D:6)
  6 rats
128 creatures vanquished.

Vanquished Creatures (collateral kills)
  A killer bee (D:7)
1 creature vanquished.

Grand Total: 129 creatures vanquished

Notes
Turn   | Place    | Note
-------+----------+-------------------------------------------
     0 | D:1      | Mitsuki the Demonspawn Wizard began the quest for the Orb.
     0 | D:1      | Reached XP level 1. HP: 13/13 MP: 4/4
   400 | D:1      | Gained mutation: You have sharp toenails. [demonic ancestry]
   400 | D:1      | Reached XP level 2. HP: 19/19 MP: 1/6
   981 | D:1      | Reached XP level 3. HP: 24/24 MP: 2/8
   992 | D:1      | Learned a level 3 spell: Conjure Flame
   996 | D:1      | Learned a level 3 spell: Mephitic Cloud
   999 | D:1      | Learned a level 2 spell: Blink
  2686 | D:2      | Found a shadowy altar of Dithmenos.
  2916 | D:2      | Reached skill level 1 in Fire Magic
  2916 | D:2      | Reached XP level 4. HP: 30/30 MP: 7/9
  3173 | D:2      | Noticed a moth of wrath
  3176 | D:2      | Found a bloodstained altar of Trog.
  3495 | D:2      | Reached skill level 1 in Translocations
  3552 | D:2      | Found a sparkling altar of Nemelex Xobeh.
  3553 | D:2      | Found an opulent altar of Gozag.
  4098 | D:3      | Found an ornate altar of the Wu Jian Council.
  4579 | D:4      | Reached skill level 4 in Spellcasting
  4773 | D:3      | Reached XP level 5. HP: 35/35 MP: 1/11
  5662 | D:4      | Gained mutation: Your flesh is cold resistant. (rC+) [demonic ancestry]
  5662 | D:4      | Reached XP level 6. HP: 39/41 MP: 7/12
  5839 | D:4      | Noticed Edmund
  6824 | D:5      | Entered Level 5 of the Dungeon
  7273 | D:5      | Gained mutation: When hurt, damage is shared between your health and your magic reserves. [demonic ancestry]
  7273 | D:5      | Reached XP level 7. HP: 24/46 MP: 3/14
  7699 | D:5      | Reached skill level 5 in Spellcasting
  7817 | D:5      | Found a hide-covered altar of Uskayaw.
  8603 | D:6      | Found a shimmering altar of Xom.
  8746 | D:6      | Found a bloodstained altar of Trog.
  8746 | D:6      | Found a white marble altar of Elyvilon.
  8756 | D:6      | Gained mutation: You have razor-sharp toenails. [demonic ancestry]
  8756 | D:6      | Reached XP level 8. HP: 52/52 MP: 10/16
  8857 | D:6      | Found Yduguhopn's Distillery.
  8862 | D:6      | Bought a potion of mutation for 96 gold pieces
  8862 | D:6      | Bought a potion of degeneration for 12 gold pieces
  8862 | D:6      | Gained mutation: You are robust. (+10% HP) [potion of mutation]
  8862 | D:6      | Gained mutation: You have a pair of small antennae on your head. [potion of mutation]
  8862 | D:6      | Gained mutation: You have a pair of antennae on your head. [potion of mutation]
  8862 | D:6      | Gained mutation: You are very robust. (+20% HP) [potion of mutation]
  8959 | D:6      | Found a sacrificial altar of Ru.
  8959 | D:6      | Found a radiant altar of Vehumet.
  8969 | D:6      | Became a worshipper of Vehumet
  9013 | D:6      | Reached skill level 5 in Conjurations
  9162 | D:6      | Found a staircase to the Ecumenical Temple.
  9827 | D:7      | Reached skill level 6 in Spellcasting
  9972 | D:7      | Quit the game

Vault maps used:
D:1:      dpeg_arrival_shrine, minmay_octomino_c4
D:2:      grunt_temple_overflow_opulence,
          nicolae_dithmenos_through_a_glass_darkly, first_bread, tgw_trog
D:3:      lemuel_coloured_pillars_altar, lightli_corner_chamber
D:4:      uniq_edmund
D:5:      eat_drink_and_be_merry_uskayaw
D:6:      grunt_temple_overflow_open, kennysheep_little_box,
          lemuel_temple_firewalk_b, serial_shops, shop_statue
D:7:      kennysheep_mini

Skill      XL: |  1  2  3  4  5  6  7  8 |
---------------+-------------------------+-----
Conjurations   | 2 3 4 5 |  5.7
Fire Magic     | 1 2 3 4 |  4.6
Translocations | 1 2 3 4 |  4.0
Spellcasting   | 4 5 6 |  6.1
Dodging        | |  1.7
Stealth        | |  1.7
Summonings     | |  1.0

Action                   |  1- 3 |  4- 6 |  7- 9 || total
-------------------------+-------+-------+-------++-------
Melee: Unarmed           |    21 |       |       ||    21
       Dagger            |    28 |     4 |       ||    32
       Kick              |     8 |    11 |     3 ||    22
       Spear             |       |    61 |       ||    61
       Quarterstaff      |       |    18 |    37 ||    55
 Cast: Magic Dart        |   104 |   161 |   109 ||   374
       Conjure Flame     |     1 |    17 |     3 ||    21
       Blink             |       |    10 |     4 ||    14
       Mephitic Cloud    |       |     3 |     6 ||     9
  Use: Potion            |       |     4 |     2 ||     6
 Stab: Confused          |       |       |     1 ||     1
  Eat: Chunk             |     3 |    14 |     7 ||    24
       Fruit             |     2 |     4 |       ||     6
Armor: Robe              |    16 |    16 |    15 ||    47
       Skin              |       |     2 |       ||     2
Dodge: Dodged            |    47 |    38 |    50 ||   135
Block: Other             |       |    14 |    25 ||    39
       Reflection        |       |     1 |       ||     1

Table legend:
 A = Spawn XP
 B = Non-spawn XP
 C = Spawn XP percentage of total XP
 D = Spawn monster count
 E = Non-spawn monster count
 F = Spawn count percentage of total count
 G = Total turns spent on level
                    A         B        C        D         E        F      G
               +---------+---------+-------+---------+---------+-------+---------
         Total |       0 |    2195 |   0.0 |       0 |     129 |   0.0 |  9972
               +---------+---------+-------+---------+---------+-------+---------
           D:1 |       0 |      70 |   0.0 |       0 |      31 |   0.0 |  2356
           D:2 |       0 |      49 |   0.0 |       0 |      21 |   0.0 |  1338
           D:3 |       0 |      65 |   0.0 |       0 |      15 |   0.0 |  1231
           D:4 |       0 |     366 |   0.0 |       0 |      24 |   0.0 |  2105
           D:5 |       0 |     609 |   0.0 |       0 |      14 |   0.0 |  1439
           D:6 |       0 |     462 |   0.0 |       0 |      11 |   0.0 |  1168
           D:7 |       0 |     574 |   0.0 |       0 |      13 |   0.0 |   335
               +---------+---------+-------+---------+---------+-------+---------
